 Dungeon Crawl Stone Soup version 0.32-a0-886-g41c5271027 (webtiles) character file.

Game seed: 2577064288665305286

49 croobank the Caller (level 3, -10/24 HPs)
             Began as a Human Summoner on Apr 2, 2024.
             Mangled by a gnoll
             ... wielding a +0 flail
              (13 damage)
             ... on level 2 of the Dungeon.
             The game lasted 00:10:39 (527 turns).

croobank the Caller (Human Summoner)                 Turns: 527, Time: 00:10:39

Health: -10/24     AC:  2    Str:  8    XL:     3   Next: 75%
Magic:  1/6        EV: 11    Int: 17    God:
Gold:   37         SH:  0    Dex: 13    Spells: 1/7 levels left

rFire   . . .        d - +0 dagger
rCold   . . .        (no shield)
rNeg    . . .        a - +0 robe
rPois   .            (no helmet)
rElec   .            (no cloak)
rCorr   .            (no gloves)
SInv    .            (no boots)
Will    .....        (no amulet)
Stlth   ++           (no ring)
HPRegen 0.24/turn    (no ring)
MPRegen 0.10/turn

%: no passive effects
@: mighty, unable to call your familiar
A: explore regen
a: no special abilities


You were on level 2 of the Dungeon.
You visited 1 branch of the dungeon, and saw 2 of its levels.

You collected 37 gold pieces.

Inventory:

Hand Weapons
 d - a +0 dagger (weapon)
Armour
 a - a +0 robe (worn)
Scrolls
 c - a scroll of identify (quivered)
Potions
 e - 2 potions of enlightenment
 f - a potion of berserk rage {unknown}


   Skills:
 + Level 2.6 Dodging
 + Level 2.6 Stealth
 + Level 2.5 Spellcasting
 + Level 4.3 Summonings


You had one spell level left.
You knew the following spells:

 Your Spells              Type           Power      Damage    Failure   Level
a - Summon Small Mammal   Summ           64%        N/A       3%          1
b - Call Imp              Summ           32%        N/A       4%          2
c - Call Canine Familiar  Summ           16%        N/A       10%         3

Your spell library contained the following spells:

 Spells                   Type           Power      Damage    Failure   Level
 Summon Blazeheart Golem  Fire/Summ      9%         N/A       58%         4
 Summon Lightning Spire   Summ/Air       9%         N/A       58%         4


Dungeon Overview and Level Annotations

Branches:
Dungeon (2/15)

Altars:


Innate Abilities, Weirdness & Mutations

You regain HP and MP as you explore.


Message History

You finish memorising.
Spell assigned to 'c'.
Casting: Summon Small Mammal (safe; 3% risk of failure)
Confirm with . or Enter, or press ? or * to list all spells.
You call for your canine familiar and it appears with a howl!
Your quokka bites the gnoll.
The gnoll barely misses your quokka.
Your quokka bites the gnoll.
The gnoll dies!
The dart slug launches a dart at you. The slug dart hits you.
Your quokka bites the dart slug.
Your quokka bites the dart slug.
Your inugami hits the gnoll.
The dart slug barely misses your quokka.
Your quokka bites the dart slug.
The dart slug dies!
The gnoll hits your inugami with a +0 flail!
Your inugami closely misses the gnoll.
The gnoll hits your inugami with a +0 flail!
Your inugami hits the gnoll.
The gnoll hits your inugami with a +0 flail!
Your inugami dies!
Your inugami disappears in a puff of smoke!
Your quokka closely misses the gnoll.
Your quokka barely misses the gnoll.
The gnoll closely misses you.
As you read the scroll labelled ISUUNW ESOLIF, it crumbles to dust.
It is a scroll of identify.
e - 2 potions of enlightenment Your quokka barely misses the gnoll.
The gnoll misses you.
The gnoll hits your quokka with a +0 whip!
Your quokka dies!
Your quokka's corpse disappears in a puff of smoke!
The gnoll hits you with a +0 flail!
Okay, then.
The gnoll attacks as it pursues you!
The gnoll hits you from afar with a +0 spear.
The gnoll attacks as it pursues you! The gnoll hits you with a +0 flail!
* * * LOW HITPOINT WARNING * * *
It was a potion of might.
You feel very mighty all of a sudden. The gnoll hits you with a +0 flail!
Ouch! That really hurt!
You die...

#..# #..#... ..... #..#
##.#.## ..... ...#
#######....#### ....
#... ......'.)......
.... #...
.######...###.#######.#.
#... #.g.# #.........#.
..# #g..# ##..#####.#.
.# #g..# #....... #@..#
#.###.†. ##### .##...
....... ..##.... #....
##>.. ...#. #####. ...


You could see 3 gnolls.

Vanquished Creatures
  An adder (D:2)
1 creature vanquished.

Vanquished Creatures (collateral kills)
  An adder (D:2)
  A gnoll (D:2)
  2 dart slugs (D:2)
  A ribbon worm (D:2)
  3 endoplasms
  A giant cockroach (D:2)
  A hobgoblin (D:2)
  2 bats (D:1)
  3 goblins
15 creatures vanquished.

Grand Total: 16 creatures vanquished

Notes
Turn   | Place    | Note
-------+----------+-------------------------------------------
     0 | D:1      | croobank the Human Summoner began the quest for the Orb.
     0 | D:1      | Reached XP level 1. HP: 13/13 MP: 3/3
   142 | D:1      | You fall into a shaft and drop 1 floor!
   150 | D:2      | Reached XP level 2. HP: 19/19 MP: 1/5
   153 | D:2      | Learned a level 2 spell: Call Imp
   435 | D:2      | Reached XP level 3. HP: 24/24 MP: 0/6
   517 | D:2      | Learned a level 3 spell: Call Canine Familiar
   527 | D:2      | Mangled by a gnoll

Illustrated notes

Levels and vault maps discovered:
D:1:      doesnt_arrival_eight_statues, layout_loops_corners, serial_shops,
          shop_fountains
D:2:      layout_basic, reono_crystal_passage, uniq_jessica

Action                     || total
---------------------------++-------
  Melee: Unarmed           ||     3
         Dagger            ||     6
   Cast: Summon Small Mamm ||    17
         Call Imp          ||     8
         Call Canine Famil ||     1
    Use: Potion            ||     2
         Scroll            ||     1
 Armour: Robe              ||     9
  Dodge: Dodged            ||    13

Table legend: (Time is in decaauts)
 A = Elapsed time spent in this place.
 B = Non-inter-level travel time spent in this place.
 C = Inter-level travel time spent in this place.
 D = Time resting spent in this place.
 E = Time spent auto-exploring this place.
 F = Levels seen in this place.
 G = Mean time per level.
                   A        B        C        D        E       F      G
               +--------+--------+--------+--------+--------+-----+--------+
         Total |    526 |    526 |      0 |      0 |    301 |   2 |  263.0 |
       Dungeon |    526 |    526 |      0 |      0 |    301 |   2 |  263.0 |
               +--------+--------+--------+--------+--------+-----+--------+

Top non-repeatable levels by time:
     D:2: 384 daAuts
     D:1: 141 daAuts
